 Dungeon Crawl Stone Soup version 0.32-a0-841-g4648e6c457 (webtiles) character file.

Game seed: 8555965750416652793

55353 RealmRazer the Severer (level 14, -10/115 HPs)
             Began as a Coglin Berserker on Mar 27, 2024.
             Was a High Priest of Trog.
             Mangled by a tyrant leech (11 damage)
             ... while paralysed by a hornet
             ... on level 5 of the Lair of Beasts.
             The game lasted 00:22:34 (17147 turns).

RealmRazer the Severer (Coglin Berserker)          Turns: 17147, Time: 00:22:35

Health: -10/115    AC: 18    Str: 24    XL:     14   Next: 76%
Magic:  14/14      EV:  2    Int:  8    God:    Trog [*****.]
Gold:   1018       SH:  0    Dex: 14    Spells: 13/13 levels left

rFire   . . .        N - +7 broad axe (heavy) {Nebetia}
rCold   . . .        o - +2 broad axe (flame) {Mishil}
rNeg    + . .        P - +4 ring mail {rN+}
rPois   .            s - +0 helmet
rElec   .            r - +0 cloak
rCorr   .            x - +0 pair of gloves {Str+3}
SInv    .            E - +1 pair of boots {Stlth+}
Will    +++..        (amulet unavailable)
Stlth   ++           (ring unavailable)
HPRegen 1.39/turn    (ring unavailable)
MPRegen 0.14/turn    (no gizmo)

%: no passive effects
@: paralysed, lethally poisoned (-10 -> -10), strong-willed, regenerating,
slowed, revved
A: off-hand wielding, slow wielding, warmup strikes, no jewellery
a: Invent Gizmo, Renounce Religion, Berserk, Trog's Hand, Brothers in Arms


You were on level 5 of the Lair of Beasts.
You worshipped Trog.
Trog was extremely pleased with you.
You visited 3 branches of the dungeon, and saw 16 of its levels.
You also visited: Bailey.

You collected 1018 gold pieces.

Inventory:

Hand Weapons
 c - a +3 war axe
 f - a +2 antimagic broad axe
 o - a +2 broad axe of flaming (offhand) {Mishil}
 N - a +7 heavy broad axe (weapon) {Nebetia}
Armour
 g - a +0 plate armour
 r - a +0 cloak (worn)
 s - a +0 helmet (worn)
 x - a +0 pair of gloves of strength (worn)
 E - a +1 pair of boots of stealth (worn)
 P - a +4 ring mail of positive energy (worn)
Wands
 u - a wand of polymorph (6)
 w - a wand of flame (25)
Scrolls
 b - 5 scrolls of vulnerability {!r!r}
 d - 5 scrolls of fog
 e - 2 scrolls of torment {!r}
 n - 3 scrolls of enchant weapon
 p - 13 scrolls of teleportation {@r4}
 q - a scroll of identify {@r1}
 v - a scroll of revelation
 y - 4 scrolls of immolation {!r!r}
 z - 2 scrolls of amnesia
 A - 3 scrolls of enchant armour
 L - 2 scrolls of fear
Potions
 a - a potion of cancellation
 h - 2 potions of haste {@q3}
 i - 7 potions of attraction {!q}
 j - a potion of enlightenment
 k - 2 potions of ambrosia {unknown}
 l - 2 potions of might
 m - 3 potions of mutation {!q}
 t - 3 potions of lignification {!q}
 F - 5 potions of resistance
 I - 3 potions of brilliance
 M - 3 potions of invisibility
 Q - 2 potions of curing {@q1}


   Skills:
 + Level 12.2 Fighting
 - Level 18.0 Axes
 + Level 11.1 Armour
 + Level 7.6 Dodging


You had 13 spell levels left.
You didn't know any spells.
Your spell library was empty.

Dungeon Overview and Level Annotations

Branches:
Dungeon (10/15)            Temple (1/1) D:6            Lair (5/5) D:9
  Swamp (0/4) Lair:2        Snake (0/4) Lair:3        Slime (0/5) Lair:4
    Orc (0/2) D:10         Bailey (visited)

Altars:
Ashenzari
Cheibriados
Dithmenos
Elyvilon
Fedhas
Gozag
Hepliaklqana
Kikubaaqudgha
Makhleb
Nemelex Xobeh
Okawaru
Qazlal
Ru
Sif Muna
Trog
Uskayaw
Vehumet
Wu Jian
Xom
Yredelemnul
Zin
The Shining One
Jiyva

Shops:
D:1 !   D:8 =   D:10 *

Annotations:
Lair:2 fly


Innate Abilities, Weirdness & Mutations

You can wield a second weapon in your off-hand.
It takes a long time for you to wield or remove held weapons.
Your first few attacks do less damage.
You cannot equip rings or amulets.


Message History

You burn the tyrant leech.
You closely miss the hornet with your +2 broad axe of flaming.
You barely miss the hornet with your +2 broad axe of flaming.
You closely miss the tyrant leech with your +7 heavy broad axe.
You closely miss the hornet with your +7 heavy broad axe. x2
You feel sick.
The hornet stings you but does no damage. x2
The hornet closely misses you. The hornet barely misses you.
The tyrant leech bites you!
* * * LOW HITPOINT WARNING * * *
The tyrant leech draws strength from your injuries!
Unknown command.
You feel better. The hornet stings you.
* * * LOW HITPOINT WARNING * * *
You are poisoned.
You feel as though you will be slow longer.
The hornet barely misses you.
The hornet stings you but does no damage.
The hornet barely misses you. The tyrant leech bites you!
* * * LOW HITPOINT WARNING * * *
The tyrant leech draws strength from your injuries!
You completely miss the tyrant leech with your +2 broad axe of flaming.
You hit the hornet with your +2 broad axe of flaming.
You burn the hornet.
You barely miss the hornet with your +2 broad axe of flaming.
You closely miss the tyrant leech with your +7 heavy broad axe.
You barely miss the hornet with your +7 heavy broad axe.
You closely miss the hornet with your +7 heavy broad axe.
You feel very sick. The hornet closely misses you. The hornet stings you!
* * * LOW HITPOINT WARNING * * *
You feel as though you will be slow longer.
The hornet barely misses you. The hornet stings you.
* * * LOW HITPOINT WARNING * * *
You suddenly lose the ability to move!
The tyrant leech bites you.
* * * LOW HITPOINT WARNING * * *
You feel sick. The hornet stings you.
* * * LOW HITPOINT WARNING * * *
You feel as though you will be slow longer.
The hornet stings you.
* * * LOW HITPOINT WARNING * * *
You feel as though you will be slow longer.
The hornet stings you.
* * * LOW HITPOINT WARNING * * *
You feel as though you will be slow longer.
The hornet stings you!
* * * LOW HITPOINT WARNING * * *
You feel as though you will be slow longer.
The tyrant leech bites you!
You die...

###### ####
###....##### ##.P.
#.w@.......## ##....
#|.yy###P....###...##
#..### ####..#....###
#... ### ##.....##
##[ ##.###....### #⌠
#.#..†...#.# #
######†..†...#.## #
#.#..†#....#### ##
###...####...## ###.


You could see a tyrant leech and 2 hornets.

Vanquished Creatures
  An orc warlord (Bailey)
  An eleionoma (Lair:2)
  Fannar (D:10)
  4 hydras
  A boulder beetle (D:10)
  3 death yaks (Lair:5)
  Sonja (Lair:3)
  A fire crab (Lair:3)
  2 skysharks
  2 lindwurms
  An ugly thing (D:10)
  An oklob plant (Lair:1)
  A manticore (Lair:3)
  12 elephants
  A black mamba (Lair:5)
  7 torpor snails
  An unseen horror (D:10)
  A kobold demonologist (D:9)
  8 cane toads
  Jeremiah (D:8)
  11 rime drakes
  7 komodo dragons
  3 tyrant leeches (Lair:5)
  5 polar bears
  2 trolls
  7 hornets
  16 blink frogs
  A shadow (D:10)
  A wraith (D:9)
  A vampire (D:10)
  8 wyverns
  Grum (D:8)
  4 basilisks
  3 vampire mosquitoes (D:10)
  49 yaks
  2 steam dragons
  An acid dragon (D:9)
  13 water moccasins
  2 sky beasts (D:7)
  7 orc warriors
  8 black bears
  31 wolves
  An ogre (D:5)
  4 centaurs
  2 gnoll sergeants
  4 kobold brigands
  8 bullfrogs
  6 scorpions
  4 wights (D:9)
  6 killer bees (D:7)
  2 electric eels
  7 howler monkeys
  3 hounds
  2 jellies
  5 orc priests
  A gnoll bouda (D:4)
  A sleepcap (D:5)
  An iguana (D:5)
  11 orc wizards
  2 hell rats (Lair:3)
  29 gnolls
  8 adders
  3 ribbon worms
  38 orcs
  6 bats
  3 endoplasms
  3 giant cockroaches
  10 goblins
  9 hobgoblins
  11 jackals
  A quokka (D:4)
  2 ball pythons (D:1)
  2 frilled lizards (D:2)
  23 kobolds
  6 rats
458 creatures vanquished.

Vanquished Creatures (others)
  A gnoll (D:5)
1 creature vanquished.

Grand Total: 459 creatures vanquished

Notes
Turn   | Place    | Note
-------+----------+-------------------------------------------
     0 | D:1      | RealmRazer the Coglin Berserker began the quest for the
                  | Orb.
     0 | D:1      | Reached XP level 1. HP: 18/18 MP: 1/1
    31 | D:1      | Reached XP level 2. HP: 15/24 MP: 2/2
   119 | D:1      | Found Xoirarghae's Distillery.
   399 | D:1      | Reached skill level 4 in Axes
   742 | D:2      | Reached ** piety under Trog
   743 | D:2      | Reached XP level 3. HP: 24/29 MP: 3/3
  1044 | D:2      | Found a faded altar of an unknown god.
  1297 | D:2      | Reached XP level 4. HP: 6/35 MP: 4/4
  1297 | D:2      | HP: 1/35 [ribbon worm (4)]
  1606 | D:3      | Reached skill level 5 in Axes
  2083 | D:3      | Reached XP level 5. HP: 25/41 MP: 5/5
  2803 | D:4      | Reached skill level 6 in Axes
  2811 | D:4      | HP: 2/61 [gnoll bouda/+0 club (6)]
  3373 | D:4      | Reached XP level 6. HP: 47/47 MP: 6/6
  3551 | D:4      | Reached skill level 7 in Axes
  3922 | D:4      | Reached *** piety under Trog
  4100 | D:5      | Entered Level 5 of the Dungeon
  4106 | D:5      | Noticed a water moccasin
  4108 | D:5      | Noticed a black bear
  4111 | D:5      | Killed a water moccasin
  4112 | D:5      | Reached skill level 8 in Axes
  4112 | D:5      | Reached XP level 7. HP: 52/52 MP: 7/7
  4270 | D:5      | Noticed a steam dragon
  4286 | D:5      | Killed a steam dragon
  4287 | D:5      | Reached skill level 9 in Axes
  4287 | D:5      | Reached XP level 8. HP: 31/58 MP: 8/8
  4469 | D:5      | HP: 3/87 [poisoned by a water moccasin]
  4956 | D:5      | Reached skill level 10 in Axes
  5194 | D:5      | Identified a scroll of acquirement
  5394 | D:6      | Found a staircase to the Ecumenical Temple.
  5401 | Temple   | Entered the Ecumenical Temple
  6069 | D:6      | Reached skill level 3 in Armour
  6621 | D:7      | Reached XP level 9. HP: 65/65 MP: 9/9
  6731 | D:7      | Reached skill level 11 in Axes
  7475 | D:7      | Identified the ring of Brilliance {Ice rN+ Int+2}
  7483 | D:7      | Found a sparkling altar of Nemelex Xobeh.
  7918 | D:8      | Noticed Jeremiah
  7942 | D:8      | Killed Jeremiah
  8005 | D:8      | Noticed Grum
  8015 | D:8      | Reached skill level 12 in Axes
  8021 | D:8      | Killed Grum
  8195 | D:8      | Reached XP level 10. HP: 46/76 MP: 10/10
  8519 | D:8      | Found Ziussoeg's Jewellery Shoppe.
  8665 | D:9      | Reached **** piety under Trog
  8729 | D:9      | Reached skill level 6 in Fighting
  8751 | D:9      | Found a flagged portal.
  8761 | D:9      | Identified the +1 hand axe of Nenwos {drain, rPois Will+++
                  | MP+9 Str+2}
  8765 | Bailey   | Entered a bailey
  8770 | Bailey   | Noticed an orc warlord
  8847 | Bailey   | Found a runed translucent gate.
  8847 | Bailey   | Found a runed translucent gate.
  8847 | Bailey   | Found a runed translucent gate.
  9056 | Bailey   | Killed an orc warlord
  9230 | D:9      | Reached skill level 15 in Axes
  9230 | D:9      | Reached XP level 11. HP: 83/83 MP: 11/11
  9328 | D:9      | Reached skill level 16 in Axes
  9346 | D:9      | Reached skill level 6 in Armour
  9400 | D:9      | Found a staircase to the Lair.
  9427 | D:9      | Identified the +6 mace of the Evening {vamp, rN+ Str+3
                  | SInv}
  9981 | D:9      | Acquired a +2 broad axe of flaming
 10012 | D:10     | Entered Level 10 of the Dungeon
 10093 | D:10     | Found Duuf's General Store.
 10115 | D:10     | Reached XP level 12. HP: 90/92 MP: 12/12
 10116 | D:10     | Noticed a five-headed hydra
 10123 | D:10     | Reached ***** piety under Trog
 10125 | D:10     | Killed a four-headed hydra
 10370 | D:10     | Noticed Fannar
 10375 | D:10     | Killed Fannar
 10490 | D:10     | Found a staircase to the Orcish Mines.
 10496 | D:10     | Reached skill level 9 in Fighting
 10503 | D:10     | Noticed a boulder beetle
 10521 | D:10     | Killed a boulder beetle
 11611 | Lair:1   | Entered Level 1 of the Lair of Beasts
 11665 | Lair:1   | Reached skill level 3 in Dodging
 12118 | Lair:1   | Reached skill level 9 in Armour
 12208 | Lair:1   | Received a gift from Trog
 12350 | Lair:1   | Reached XP level 13. HP: 99/104 MP: 13/13
 12567 | Lair:1   | Identified the orb of the Impish God {guile, rPois rC+}
 12828 | Lair:1   | Identified the +0 robe of the Chimera {rElec rPois Str+4}
 12832 | Lair:1   | Identified the staff of Fabruoje {rPois Int+5 Alchemy}
 13192 | Lair:2   | Found a staircase to the Swamp.
 13192 | Lair:2   | Noticed an eleionoma
 13203 | Lair:2   | Killed an eleionoma
 14952 | Lair:3   | Reached skill level 17 in Axes
 14963 | Lair:3   | Reached skill level 6 in Dodging
 15157 | Lair:3   | Noticed Sonja
 15163 | Lair:3   | Killed Sonja
 15164 | Lair:3   | Reached XP level 14. HP: 113/113 MP: 14/14
 15260 | Lair:3   | Found a staircase to the Snake Pit.
 15464 | Lair:4   | Received a gift from Trog
 16009 | Lair:4   | Found a viscous altar of Jiyva.
 16009 | Lair:4   | Found a staircase to the Slime Pits.
 16188 | Lair:5   | Entered Level 5 of the Lair of Beasts
 16736 | Lair:5   | Reached skill level 18 in Axes
 16740 | Lair:5   | Reached skill level 12 in Fighting
 17004 | Lair:5   | Received a gift from Trog
 17138 | Lair:5   | Paralysed by a hornet for 2 turns
 17143 | Lair:5   | Paralysed by a hornet for 1 turns
 17146 | Lair:5   | Paralysed by a hornet for 2 turns
 17147 | Lair:5   | HP: 1/115 [hornet (8)]
 17147 | Lair:5   | Mangled by a tyrant leech

Illustrated notes

Levels and vault maps discovered:
D:1:      ncdulo_lavacross, layout_loops_ring, serial_shops, shop
D:2:      layout_loops_ring, chequers_ecumenical_altar_simple_redux,
          minivault_19, chequers_serial_rivers_micro_a
D:3:      layout_loops_ring, kennysheep_generic_room_4
D:4:      layout_basic
D:5:      layout_rooms
D:6:      layout_basic, temple_fountains
D:7:      layout_basic, nemelex_spade_bored_becter, nicolae_lava_and_water
D:8:      layout_basic, serial_shops, nicolae_shop_tiny_waterfront, uniq_grum,
          uniq_jeremiah
D:9:      layout_rooms, due_lair_maze_entry_diamond, serial_bayou,
          serial_bayou_pond_e, serial_bayou_pond_d, serial_bayou_pond_e,
          serial_bayou_pond_e, enter_bailey_2, minmay_misc_feat_enclosed,
          kennysheep_generic_room_3
D:10:     nzn_winding_woodlands_small
          [nzn_winding_woodlands_5x15_river_crossing,
          nzn_winding_woodlands_center_triple_pond,
          nzn_winding_woodlands_5x15_longhouse], layout_loops_corners,
          orc_david_3, serial_shops, kennysheep_mini_moat,
          minmay_misc_feat_rugged, uniq_fannar
Temple:   grunt_wide_crystal_templ
Lair:1:   layout_regular_city, minmay_lair_oklob_items, gammafunk_lair_bear_cave
Lair:2:   layout_roguey, alex1729_swamp_entry_worm_eleionoma,
          minmay_lindwurm_lava, serial_bayou_shore_a, grunt_megastairs_4
Lair:3:   layout_roguey, dummy_snake_entry, special_room
          [special_room_mythical_zoo], grunt_forest_small_clearings,
          infiniplex_staircase_pool, uniq_sonja
Lair:4:   layout_gridlike, dpeg_slime_entry_enclosed
Lair:5:   wormcave, layout_regular_city, hangedman_lair_in_review, st_stairs_3,
          grunt_megastairs_1

Skill      XL: |  1  2  3  4  5  6  7  8  9 10 11 12 13 14 |
---------------+-------------------------------------------+-----
Axes           | 4 5 6 8 9 10 12 15 16 17 18 | 18.0
Armour         | 3 4 5 7 9 10 11 | 11.1
Fighting       | 4 5 6 8 10 11 12 | 12.2
Dodging        | 4 6 7 |  7.6

Action                     |  1- 3 |  4- 6 |  7- 9 | 10-12 | 13-15 || total
---------------------------+-------+-------+-------+-------+-------++-------
  Melee: Hand axe          |    87 |   130 |   205 |       |       ||   422
         Dagger            |    83 |    45 |       |       |       ||   128
         Rapier            |       |    78 |    56 |       |       ||   134
         War axe           |       |       |   168 |    82 |       ||   250
         Trident           |       |       |    17 |    66 |       ||    83
         Broad axe         |       |       |       |   328 |   492 ||   820
 Invoke: Berserk           |       |     2 |     2 |     1 |     2 ||     7
         Trog's Hand       |       |       |     2 |     1 |     2 ||     5
  Evoke: Wand              |       |       |       |    15 |    16 ||    31
    Use: Scroll            |       |       |    12 |     5 |    10 ||    27
         Potion            |       |       |     7 |     2 |     1 ||    10
   Stab: Sleeping          |       |       |       |     1 |     2 ||     3
         Distracted        |       |       |       |     1 |       ||     1
 Armour: Animal skin       |    27 |       |       |       |       ||    27
         Chain mail        |    67 |   138 |    11 |       |       ||   216
         Scale mail        |       |       |   104 |       |       ||   104
         Plate armour      |       |       |   123 |    42 |       ||   165
         Skin              |       |       |    47 |       |       ||    47
         Ring mail         |       |       |       |   167 |   269 ||   436
  Dodge: Dodged            |    66 |    61 |    99 |   102 |   188 ||   516

Table legend: (Time is in decaauts)
 A = Elapsed time spent in this place.
 B = Non-inter-level travel time spent in this place.
 C = Inter-level travel time spent in this place.
 D = Time resting spent in this place.
 E = Time spent auto-exploring this place.
 F = Levels seen in this place.
 G = Mean time per level.
                   A        B        C        D        E       F      G
               +--------+--------+--------+--------+--------+-----+--------+
         Total |  17141 |  16462 |    679 |   4054 |  10050 |  17 | 1008.3 |
       Dungeon |  11141 |  10584 |    557 |   2511 |   6591 |  10 | 1114.1 |
        Temple |      1 |      1 |      0 |      0 |      0 |   1 |    1.0 |
          Lair |   5536 |   5415 |    121 |   1427 |   3256 |   5 | 1107.2 |
        Bailey |    462 |    462 |      0 |    116 |    202 |   1 |  462.0 |
               +--------+--------+--------+--------+--------+-----+--------+

Top non-repeatable levels by time:
     D:4: 1560 daAuts
    D:10: 1549 daAuts
  Lair:2: 1412 daAuts
     D:6: 1366 daAuts
  Lair:1: 1362 daAuts
     D:7: 1060 daAuts
  Lair:3: 1047 daAuts
     D:8: 1008 daAuts
     D:2: 986 daAuts
     D:5: 974 daAuts
  Lair:5: 969 daAuts
     D:9: 920 daAuts
     D:3: 873 daAuts
     D:1: 841 daAuts
  Lair:4: 744 daAuts
